 Dungeon Crawl Stone Soup version 0.18-a0-1120-g03bd624 (webtiles) character file.

6442 Gorice the Grappler (level 10, 0/93 HPs)
             Began as a Ghoul Wanderer on Jan 17, 2016.
             Was a High Priest of Okawaru.
             Slain by a blink frog (5 damage)
             ... on level 2 of the Lair of Beasts.
             The game lasted 00:49:33 (7839 turns).

Gorice the Grappler (Ghoul Wanderer)                Turns: 7839, Time: 00:49:34

Health: 0/93       AC: 19    Str: 22    XL:     10   Next: 99%
Magic:  7/9        EV: 11    Int:  5    God:    Okawaru [*****.]
Gold:   423        SH:  0    Dex:  8    Spells: 0 memorised, 9 levels left

rFire  . . .     SeeInvis .       - Unarmed
rCold  + . .     Gourm    .     x - +0 shadow dragon armour of Good Intentions {+Blink rElec Stlth++++} (curse)
rNeg   + + +     Faith    +     (no shield)
rPois  ∞         Spirit   .     D - +2 helmet
rElec  +         Dismiss  .     g - +0 cloak
rCorr  .         Reflect  .     (no gloves)
SustAt .         Harm     .     (no boots)
MR     +....                    k - amulet of faith {!P}
Stlth  ++++......               r - ring of protection from magic
                                L - +1 ring of evasion

@: heroism, rotting, somewhat resistant to hostile enchantments, stealthy
A: rotting body, claws 1, carnivore 3, cold resistance 1, negative energy
resistance 3, slow regeneration 1, torment resistance, unbreathing
a: Heroism, Finesse, Renounce Religion, Evoke Blink


You were on level 2 of the Lair of Beasts.
You worshipped Okawaru.
Okawaru was extremely pleased with you.
You were not hungry.

You visited 3 branches of the dungeon, and saw 11 of its levels.
You also visited: Ossuary.

You collected 423 gold pieces.

Inventory:

Hand Weapons
 b - a +1 hunting sling of flaming
   (You found it on level 1 of the Dungeon)
Missiles
 c - 13 poisoned needles
 e - 19 exploding sling bullets
 q - 9 tomahawks (quivered)
 s - 8 needles of confusion
 B - 11 bolts
 V - 34 sling bullets
 Y - a throwing net
 Z - 249 stones
Armour
 g - a +0 cloak (worn)
 x - the cursed +0 shadow dragon armour of Good Intentions (worn) {+Blink rElec Stlth++++}
   (You found it on level 1 of the Lair of Beasts)

   It insulates you from electricity.
   It lets you blink.
   It makes you much more stealthy.
   It has a curse placed upon it.
 D - a +2 helmet (worn)
Jewellery
 k - an amulet of faith (around neck) {!P}
 m - a cursed amulet of inaccuracy {unknown}
 p - an uncursed ring of wizardry
 r - a ring of protection from magic (right claw)
 J - an uncursed ring of stealth
 L - a +1 ring of evasion (left claw)
 M - an uncursed ring of protection from fire
Wands
 a - a wand of random effects (0/48)
 y - a wand of random effects (24/48)
 z - a wand of digging (8/24)
 H - a wand of digging (7/24)
 I - a wand of frost (26/48)
 N - a wand of lightning (3/15)
 Q - a wand of flame (24/48)
Scrolls
 d - a scroll of enchant weapon
 o - 3 scrolls of blinking
 w - a scroll of identify
 A - a scroll of fear {!r}
 E - 2 scrolls of magic mapping {!r}
 F - 2 scrolls of remove curse
 G - 3 scrolls of teleportation {!r}
Potions
 h - a potion of flight
 i - 3 potions of might {!q}
 l - 2 potions of cancellation {!q}
 n - a potion of magic {!q}
 t - a potion of curing
 u - 2 potions of ambrosia {!q}
 T - 2 potions of invisibility {unknown}
 U - 2 potions of mutation {unknown}
Comestibles
 f - 6 meat rations {!e}
 j - 4 beef jerkies
 v - 5 chunks of flesh


   Skills:
 + Level 10.1(15.1) Fighting
   Level 1.0(6.0) Short Blades
   Level 1.0(6.0) Axes
 - Level 1.0(6.0) Throwing
 + Level 4.5(9.5) Armour
 - Level 1.0(6.0) Dodging
 - Level 2.1(7.1) Stealth
 + Level 13.2(18.2) Unarmed Combat
 - Level 1.0 Evocations


You had 9 spell levels left.
You didn't know any spells.

Dungeon Overview and Level Annotations

Branches:
Dungeon (8/15)             Temple (1/1) D:6            Lair (2/8) D:8

Altars:
Ashenzari
Cheibriados
Dithmenos
Elyvilon
Fedhas
Gozag
Kikubaaqudgha
Makhleb
Nemelex Xobeh
Okawaru
Qazlal
Ru
Trog
Vehumet
Xom
Zin
The Shining One

Shops:
D:7 [   D:8 [

Annotations:
Lair:1 pUX: 7hhydra!


Innate Abilities, Weirdness & Mutations

Your body is rotting away.
You thrive on raw meat.
You are immune to poison.
You have sharp fingernails.
You are carnivorous and can eat meat at any time.
Your flesh is cold resistant.
You are immune to negative energy.
You regenerate slowly when monsters are visible.
You are immune to unholy pain and torment.
You can survive without breathing.


Message History

Damage: 6 (max 11) Read which item? (? for menu, Esc to quit)
Okay, then.
Unknown command.
Unknown command.
Eat one of 6 chunks of flesh? (ye/n/q/i?)
You feel more resilient.
This raw flesh tastes great!
The blink frog blinks!
You continue eating. x2
The blink frog hits you!
* * * LOW HITPOINT WARNING * * *
Damage: 5 (max 11) Unknown command.
The blink frog momentarily phases out as your attack passes through it.
The blink frog is severely wounded.
The blink frog blinks!
Throwing (i - inventory. (,) - cycle):
q - 12 tomahawks (quivered)
Press: ? - help, Shift-Dir - straight line, f - blink frog
Aim: a blink frog (severely wounded)
You can't see any item there.
You throw a tomahawk. The tomahawk misses the blink frog.
Throwing (i - inventory. (,) - cycle):
q - 11 tomahawks (quivered)
Press: ? - help, Shift-Dir - straight line, f/p - blink frog
Aim: a blink frog (severely wounded)
You throw a tomahawk. The tomahawk misses the blink frog.
Throwing (i - inventory. (,) - cycle):
q - 10 tomahawks (quivered)
Press: ? - help, Shift-Dir - straight line, f - blink frog
Aim: a blink frog (severely wounded)
You throw a tomahawk.
The tomahawk closely misses the blink frog.
The blink frog momentarily phases out as your attack passes through it.
The blink frog is severely wounded.
The blink frog hits you!
* * * LOW HITPOINT WARNING * * *
Damage: 10 (max 11)
The blink frog momentarily phases out as your attack passes through it.
The blink frog is severely wounded.
The blink frog hits you.
* * * LOW HITPOINT WARNING * * *
The blink frog hits you!
* * * LOW HITPOINT WARNING * * *
Damage: 10 (max 11) Unknown command.
Unknown command.
Unknown command.
Drink which item? (? for menu, Esc to quit)
You feel better. The blink frog hits you!
* * * LOW HITPOINT WARNING * * *
You gain the combat prowess of a mighty hero.
You feel slightly more hungry. The blink frog hits you.
You die...

.. #....... #.
#....#... .P##...
#........ .......#
P....#.#. .......#
#........
.>.......##........
...#......#(.....P.
...#....##......#
....#...#@#......#
....(.(.F##......P.
.<......###........
.........##........
...##.(.###........
..##.....#.........
...# .
#.#...###........
...# .. ##....#
...###...###...#


You could see a blink frog.

Vanquished Creatures
  A black mamba (Lair:2)
  A spiny frog (Lair:1)
  2 komodo dragons
  A fire drake (Lair:2)
  2 blink frogs (Lair:2)
  The ghost of nuthulu the Skirmisher, an amateur GrFi (D:4)
  Sigmund (D:3)
  A basilisk (Lair:2)
  A hippogriff (Lair:1)
  4 wolves (Lair:1)
  2 water moccasins (Lair:1)
  A swamp drake (D:8)
  2 ice beasts
  An orc warrior (D:6)
  A wasp (D:8)
  2 black bears
  2 ogres (D:8)
  A crocodile (Lair:1)
  4 centaurs
  7 giant frogs
  6 killer bees (D:7)
  A vampire bat (D:2)
  7 wights
  2 crimson imps (D:5)
  2 giant frog zombies
  A centaur zombie (D:5)
  A giant frog skeleton (D:5)
  A centaur skeleton (D:6)
  An orc priest (D:6)
  3 orc wizards
  Natasha (thrice) (D:4)
  7 iguanas
  6 worker ants
  A hound skeleton (D:8)
  2 mummies (Ossuary)
  10 adders
  22 river rats
  2 oozes
  3 adder zombies (Ossuary)
  2 adder skeletons
  A worm (D:4)
  9 giant geckos
  26 orcs
  3 ball pythons
  6 bats
  4 bat skeletons (D:2)
  2 bat zombies (D:2)
  3 giant cockroaches
  2 goblins
  2 hobgoblins
  7 jackals
  3 quokkas
  2 giant gecko skeletons
  4 giant newts
  2 goblin zombies (Ossuary)
  11 hobgoblin zombies (Ossuary)
  2 jackal zombies (Ossuary)
  6 kobolds
  12 kobold zombies (Ossuary)
  6 orc zombies (Ossuary)
  2 quokka skeletons
  2 quokka zombies
  13 rats
  A rat zombie (Ossuary)
252 creatures vanquished.

Vanquished Creatures (others)
  2 fungi
  2 plants (Lair:1)
4 creatures vanquished.

Grand Total: 256 creatures vanquished

Notes
Turn   | Place    | Note
--------------------------------------------------------------
     0 | D:1      | Gorice the Ghoul Wanderer began the quest for the Orb.
     0 | D:1      | Gorice set off with: a +2 dagger, a scroll of blinking, a +0 short sword, a wand of random effects (15/48), a +0 robe, a meat ration {!e}
     0 | D:1      | Reached XP level 1. HP: 16/16 MP: 0/0
   143 | D:1      | Reached skill level 1 in Unarmed Combat
   159 | D:1      | Reached XP level 2. HP: 11/23 MP: 1/1
   497 | D:1      | Reached skill level 2 in Fighting
   497 | D:1      | Reached skill level 2 in Unarmed Combat
   548 | D:1      | Reached XP level 3. HP: 24/29 MP: 2/2
   976 | D:2      | --phew early plate with str 20
  1180 | D:2      | Reached skill level 3 in Unarmed Combat
  1196 | D:2      | Found an ancient bone altar of Kikubaaqudgha.
  1214 | D:2      | Reached XP level 4. HP: 33/37 MP: 3/3
  1343 | D:3      | Noticed Sigmund
  1384 | D:3      | Noticed a black bear
  1404 | D:2      | Killed a black bear
  1404 | D:2      | Reached skill level 3 in Fighting
  1404 | D:2      | Reached skill level 4 in Unarmed Combat
  1404 | D:2      | Reached XP level 5. HP: 29/45 MP: 4/4
  1655 | D:3      | Reached skill level 5 in Unarmed Combat
  1735 | D:3      | Reached XP level 6. HP: 49/51 MP: 5/5
  1753 | D:3      | Killed Sigmund
  1753 | D:3      | Reached skill level 4 in Fighting
  1771 | D:3      | Found an opulent altar of Gozag.
  2118 | D:4      | Reached skill level 6 in Unarmed Combat
  2164 | D:4      | Found a stormy altar of Qazlal.
  2216 | D:4      | Noticed nuthulu's ghost (amateur GrFi)
  2232 | D:4      | Found a shimmering altar of Xom.
  2307 | D:4      | Killed nuthulu's ghost
  2307 | D:4      | Reached XP level 7. HP: 33/60 MP: 6/6
  2382 | D:4      | Reached skill level 7 in Unarmed Combat
  2657 | D:4      | Noticed Natasha
  2658 | D:4      | Killed Natasha
  3085 | D:4      | Noticed Natasha
  3088 | D:4      | Killed Natasha
  3088 | D:4      | Reached skill level 5 in Fighting
  3165 | D:4      | Noticed Natasha
  3173 | D:4      | Killed Natasha
  3306 | D:5      | Entered Level 5 of the Dungeon
  3387 | D:5      | Found a burning altar of Makhleb.
  3388 | D:5      | Found a radiant altar of Vehumet.
  3460 | D:5      | Found a shadowy altar of Dithmenos.
  3514 | D:5      | Reached XP level 8. HP: 68/68 MP: 7/7
  3598 | D:5      | Reached skill level 8 in Unarmed Combat
  3772 | D:5      | Found a glowing golden altar of the Shining One.
  3955 | D:6      | Found a shattered altar of Ashenzari.
  3997 | D:6      | Found a glowing silver altar of Zin.
  4157 | D:6      | Found a burning altar of Makhleb.
  4260 | D:6      | Reached skill level 6 in Fighting
  4295 | D:6      | Reached skill level 9 in Unarmed Combat
  4404 | D:6      | Found an iron altar of Okawaru.
  4412 | D:6      | Became a worshipper of Warmaster Okawaru
  4547 | D:6      | Found a staircase to the Ecumenical Temple.
  4556 | Temple   | Entered the Ecumenical Temple
  4806 | D:7      | Found Gorukhlo's Armour Boutique.
  5103 | D:7      | Reached skill level 10 in Unarmed Combat
  5103 | D:7      | Reached XP level 9. HP: 78/78 MP: 8/8
  5286 | D:7      | Reached skill level 7 in Fighting
  5291 | D:7      | Reached * piety under Okawaru
  5443 | D:7      | Found a snail-covered altar of Cheibriados.
  5847 | D:8      | Found Bete's Antique Armour Emporium.
  5872 | D:8      | Found a sand-covered staircase.
  5895 | D:8      | Reached skill level 11 in Unarmed Combat
  5943 | D:8      | Reached ** piety under Okawaru
  5953 | Ossuary  | Entered an ossuary
  6190 | D:8      | Reached skill level 8 in Fighting
  6374 | D:8      | Noticed a komodo dragon
  6384 | D:8      | Killed a komodo dragon
  6384 | D:8      | Reached *** piety under Okawaru
  6388 | D:8      | Reached skill level 12 in Unarmed Combat
  6388 | D:8      | Reached XP level 10. HP: 86/90 MP: 9/9
  6477 | D:8      | Found a staircase to the Lair.
  6889 | Lair:1   | Entered Level 1 of the Lair of Beasts
  7049 | Lair:1   | Reached skill level 9 in Fighting
  7049 | Lair:1   | Reached skill level 2 in Armour
  7087 | Lair:1   | Reached **** piety under Okawaru
  7094 | Lair:1   | HP: 27/91 [river rat (6)]
  7249 | Lair:1   | Noticed a spiny frog
  7259 | Lair:1   | HP: 24/91 [spiny frog (18)]
  7260 | Lair:1   | HP: 7/91 [spiny frog (17)]
  7264 | Lair:1   | Killed a spiny frog
  7264 | Lair:1   | Reached skill level 3 in Armour
  7294 | Lair:1   | Noticed a seven-headed hydra
  7500 | Lair:1   | Got a fine shadow dragon armour
  7526 | Lair:1   | Identified the cursed +0 shadow dragon armour of Good Intentions {+Blink rElec Stlth++++} (You found it on level 1 of the Lair of Beasts)
  7654 | Lair:2   | Noticed a black mamba
  7687 | Lair:2   | Killed a black mamba
  7687 | Lair:2   | Reached skill level 4 in Armour
  7687 | Lair:2   | Reached skill level 13 in Unarmed Combat
  7769 | Lair:2   | Reached skill level 10 in Fighting
  7808 | Lair:2   | Reached ***** piety under Okawaru
  7831 | Lair:2   | HP: 23/93 [blink frog (13)]
  7836 | Lair:2   | HP: 14/93 [blink frog (10)]
  7837 | Lair:2   | HP: 4/93 [blink frog (7)]
  7839 | Lair:2   | Slain by a blink frog

Vault maps used:
D:1:      dpeg_arrival_rooms_a
D:2:      kennysheep_vampire_church
D:3:      nicolae_gozag_seed_capital, uniq_sigmund
D:4:      xom_butterflies, nicolae_qazlal_general_emergency, st_stairs_5,
          minmay_misc_feat_encased, grunt_ministairs_3, uniq_natasha
D:5:      grunt_temple_overflow_lords_of_destruction,
          nicolae_dithmenos_the_darkroom, nicolae_tso_swordbearing_angel,
          first_bread
D:6:      okawaru_trees_2, marbit_many_paths, kennysheep_little_box,
          temple_hall, basic_altar, kennysheep_generic_room_13
D:7:      lemuel_crystal_altar, serial_shops, shop
D:8:      erik_lair_dragon, nicolae_ossuary_entry_monument, serial_shops,
          kennysheep_mini
Temple:   nicolae_temple_hex_pool_5
Lair:1:   serial_bayou_pond_e, grunt_megastairs_4
Lair:2:   minivault_25
Ossuary:  ossuary_tomb_1

Action                   |  1- 3 |  4- 6 |  7- 9 | 10-12 || total
-------------------------+-------+-------+-------+-------++-------
Melee: Dagger            |    76 |       |       |       ||    76
       Unarmed           |    68 |    98 |   392 |   202 ||   760
 Fire: Hunting sling     |       |       |       |     9 ||     9
Throw: Tomahawk          |     5 |     4 |    25 |    12 ||    46
       Stone             |     3 |       |       |       ||     3
Invok: Heroism           |       |       |       |     3 ||     3
Evoke: Wand              |     2 |     5 |     7 |     5 ||    19
  Use: Scroll            |     3 |     6 |     9 |     2 ||    20
       Potion            |       |     1 |       |     2 ||     3
 Stab: Paralysed         |     2 |       |     8 |       ||    10
       Sleeping          |       |       |       |     1 ||     1
  Eat: Chunk             |    15 |    11 |    30 |    34 ||    90

Table legend:
 A = Turns spent in this place as a percentage of turns spent in the entire game.
 B = Non-inter-level travel turns spent in this place as a percentage of non-inter-level travel turns spent in the entire game.
 C = Inter-level travel turns spent in this place as a percentage of turns spent in this place.
 D = Turns resting spent in this place as a percentage of non-inter-level travel turns spent in this place.
 E = Turns spent auto-exploring this place as a percentage of non-inter-level travel turns spent in this place.
 F = Non-inter-level travel turns spent in this place divided by the number of levels of this place that you've seen.
                   A       B       C       D       E      F
               +-------+-------+-------+-------+-------+----------------------
         Total | 100.0 | 100.0 |   0.2 |   0.6 |   4.6 | 305.9
       Dungeon |  71.1 |  71.0 |   0.3 |   0.8 |   5.8 | 325.9
        Temple |   1.6 |   1.6 |   0.0 |   0.0 |   1.7 |  58.0
          Lair |  20.9 |  20.9 |   0.0 |   0.3 |   2.1 | 384.5
       Ossuary |   6.4 |   6.5 |   0.0 |   0.0 |   0.4 | 237.0
               +-------+-------+-------+-------+-------+----------------------

Vault maps used:
D:1:      dpeg_arrival_rooms_a
D:2:      kennysheep_vampire_church
D:3:      nicolae_gozag_seed_capital, uniq_sigmund
D:4:      xom_butterflies, nicolae_qazlal_general_emergency, st_stairs_5,
          minmay_misc_feat_encased, grunt_ministairs_3, uniq_natasha
D:5:      grunt_temple_overflow_lords_of_destruction,
          nicolae_dithmenos_the_darkroom, nicolae_tso_swordbearing_angel,
          first_bread
D:6:      okawaru_trees_2, marbit_many_paths, kennysheep_little_box,
          temple_hall, basic_altar, kennysheep_generic_room_13
D:7:      lemuel_crystal_altar, serial_shops, shop
D:8:      erik_lair_dragon, nicolae_ossuary_entry_monument, serial_shops,
          kennysheep_mini
Temple:   nicolae_temple_hex_pool_5
Lair:1:   serial_bayou_pond_e, grunt_megastairs_4
Lair:2:   minivault_25
Ossuary:  ossuary_tomb_1
